AoeStats
← [PSCH] R!ce

African Clearing

506928581Analyzed
2v2 RM · 16d ago on Sep 15, 2026· 37m 42s· 4 players
Game mode
Random Map
Map size
Medium (4 player)
Population
200
Speed
Normal
Resources
Standard
Victory
Conquest
Starting age
Dark Age
Ending age
Imperial Age
RankedLock teamsTeams togetherTeam positionsShared explorationLock speedFull tech treeHidden civsTurbo modeCheats
Victory
Defeat
🇨🇭 Poles · Switzerland
1445
+17
🇨🇭 Malay · Switzerland
1440
+17
🇦🇷 Byzantines · Argentina
1506
-18
🇧🇷 Vikings · Brazil
1436
-16
Forrest
7:13 Loom
12:13 Feudal Age
12:27 Man-at-Arms
17:10 Horse Collar
17:52 Fletching
25:43 Castle Age
23:56 Gold Mining
24:09 Town Watch
24:59 Padded Archer Armor
25:52 Crossbowman
26:43 Bodkin Arrow
27:20 Leather Archer Armor
30:59 Ballistics
31:11 Double-Bit Axe
31:58 Stone Mining
32:44 Gold Shaft Mining
34:07 Heavy Plow
39:18 Imperial Age
ELBIO
10:09 Loom
12:55 Feudal Age
14:28 Double-Bit Axe
18:34 Scale Barding Armor
22:01 Castle Age
20:29 Forging
25:59 Iron Casting
26:14 Husbandry
[PSCH] wolverito
7:58 Loom
13:51 Feudal Age
14:22 Double-Bit Axe
17:35 Fletching
22:45 Castle Age
22:22 Forging
22:15 Pikeman
30:23 Iron Casting
33:02 Redemption
[PSCH] R!ce
4:49 Loom
11:31 Feudal Age
12:59 Double-Bit Axe
15:48 Fletching
17:34 Padded Archer Armor
24:09 Castle Age
23:01 Horse Collar
24:18 Bloodlines
24:14 Scale Barding Armor
24:20 Forging
26:48 Chain Barding Armor
34:30 Wheelbarrow
37:55 Szlachta Privileges
Connection lost

Rejoining the realm…

Still unreachable

The connection could not be restored.

Session expired

The server has moved on; the page needs a fresh start.